 Dungeon Crawl Stone Soup version 0.31-a0-750-gfe7b580527 (webtiles) character file.

Game seed: 3215494157476359219

83380 Aneyh the Worldbinder (level 15, 0/66 (86) HPs)
             Began as a Tengu Monk on Sept 15, 2023.
             Was the Champion of Hepliaklqana.
             Slain by a spectral caustic shrike (6 damage)
             ... on level 1 of the Depths.
             The game lasted 01:02:13 (22414 turns).

Aneyh the Worldbinder (Tengu Monk)                 Turns: 22414, Time: 01:02:14

HP:   0/66 (86)     AC: 30    Str: 11 (14) XL:     15   Next: 76%
MP:   25/25         EV:  9    Int: 18 (19) God:    Hepliaklqana [******]
Gold: 1066          SH:  0    Dex: 18      Spells: 10/14 levels left

rFire   x . .        b - +9 great mace of Success {vamp, rPois MP+9 Str-2 Int+3}
rCold   + + .        (shield currently unavailable)
rNeg    + . .        t - +8 plate armour {rC+}
rPois   +            I - +0 hat "Ewaeph" {rC- Slay+5}
rElec   .            k - +1 cloak of the Little Devil {rC+ rCorr}
rCorr   +            e - +0 pair of gloves
SInv    .            (boots unavailable)
Will    ++++.        J - amulet "Sedgham" {rN+ Regen+} Stlth
                     M - ring "Keetonk" {Ice rPois Will++}
HPRegen 1.11/turn    C - ring of the Scarab {Will+ Str+4}
MPRegen 0.19/turn

%: acrobat
@: flying, heavily drained
A: reduced essence, beak, talons 3, evasive flight, acrobatic, iridescent scales
1, inability to drink after injury 2
a: Renounce Religion, Recall Ancestor, Ancestor Identity, Transference, Idealise


You were on level 1 of the Depths.
You worshipped Hepliaklqana.
Hepliaklqana was exalted by your worship.
You visited 6 branches of the dungeon, and saw 24 of its levels.
You also visited: Gauntlet.

You collected 1482 gold pieces.
You spent 416 gold pieces at shops.

Inventory:

Hand Weapons
 b - the +9 great mace of Success (weapon) {vamp, rPois MP+9 Str-2 Int+3}
   (You acquired it on level 6 of the Dungeon)

   Str-2:     It affects your strength (-2).
   Int+3:     It affects your intelligence (+3).
   rPois:     It protects you from poison MP+9: It affects your magic capacity
   (+9).
 f - the +4 scimitar "Rior" {heavy, rPois Will+}
   (You took it off a minotaur in a Gauntlet)

   rPois:     It protects you from poison Will+: It increases your willpower.
 G - a +0 heavy battleaxe
 P - a +0 heavy bardiche
Missiles
 Y - 9 silver javelins
Armour
 e - a +0 pair of gloves (worn)
 k - the +1 cloak of the Little Devil (worn) {rC+ rCorr}
   (You found it in a Gauntlet)

   rC+:       It protects you from cold.
   rCorr:     It protects you from acid and corrosion.
 t - a +8 plate armour of cold resistance (worn)
 I - the +0 hat "Ewaeph" (worn) {rC- Slay+5}
   (You acquired it on level 6 of the Dungeon)

   Slay+5:    It affects your accuracy & damage with ranged weapons and melee
   (+5).
   rC-:       It makes you vulnerable to cold.
Magical Staves
 q - a staff of cold
Jewellery
 n - a ring of poison resistance
 o - a ring of wizardry
 z - a ring of wizardry
 B - a ring of see invisible
 C - the ring of the Scarab (right hand) {Will+ Str+4}
   (You acquired it on level 15 of the Dungeon)

   [ring of willpower]

   Str+4:     It affects your strength (+4).
   Will+:     It increases your willpower.
 D - a ring of protection from fire
 E - a ring of ice
 J - the amulet "Sedgham" (around neck) {rN+ Regen+}
   (You acquired it on level 6 of the Dungeon)

   [amulet of regeneration]

   rN+:       It protects you from negative energy.
   Regen+:    It increases your rate of health regeneration.
 M - the ring "Keetonk" (left hand) {Ice rPois Will++}
   (You found it on level 13 of the Dungeon)

   [ring of ice]

   Ice:       It enhances your ice magic.
   rF-:       It makes you vulnerable to fire.
   rC+:       It protects you from cold.
   rPois:     It protects you from poison Will++: It greatly increases your
   willpower.
 R - a +5 ring of evasion
 T - a +5 ring of evasion
 U - an amulet of regeneration
 V - a +6 ring of strength
 W - a +5 ring of evasion
Wands
 h - a wand of paralysis (23)
 F - a wand of light (10)
 K - a wand of flame (32)
 O - a wand of polymorph (8)
 S - a wand of iceblast (7)
 X - a wand of mindburst (9)
Scrolls
 d - a scroll of summoning {unknown}
 g - 2 scrolls of enchant weapon {unknown}
 i - 3 scrolls of immolation {unknown}
 j - a scroll of fog
 m - 9 scrolls of teleportation
 r - 2 scrolls of identify
 s - a scroll of brand weapon
 u - a scroll of silence
 x - 4 scrolls of poison
 y - a scroll of amnesia
Potions
 a - a potion of resistance
 c - 4 potions of lignification
 l - 3 potions of might
 p - 5 potions of brilliance
 w - 2 potions of cancellation
 A - 14 potions of curing
 H - 4 potions of haste
 L - 4 potions of enlightenment
 Q - 2 potions of heal wounds
 Z - a potion of magic
Miscellaneous
 v - a lightning rod (4/4)


   Skills:
 - Level 12.1 Fighting
 - Level 5.0 Long Blades
 - Level 13.0 Maces & Flails
 - Level 13.0 Armour
 - Level 4.0 Dodging
 * Level 21.4 Summonings


You had 10 spell levels left.
You knew the following spells:

 Your Spells              Type           Power      Damage    Failure   Level
a - Summon Ice Beast      Ice/Summ       55%        N/A       89%         4

Your spell library contained the following spells:

 Spells                   Type           Power      Damage    Failure   Level
 Freeze                   Ice            0%         1d3       100%        1
 Sandblast                Erth           0%         2d4       100%        1
 Cigotuvi's Dreadful Rot  Necr/Pois/Air  0%         N/A       100%        2
 Passwall                 Tmut/Erth      0%         N/A       100%        2
 Frozen Ramparts          Ice            0%         1d1       100%        3
 Hailstorm                Conj/Ice       0%         3d3       100%        3
 Stone Arrow              Conj/Erth      0%         3d7       100%        3
 Dispel Undead            Necr           0%         3d6       100%        4
 Death Channel            Necr           0%         N/A       100%        6
 Simulacrum               Ice/Necr       0%         N/A       100%        6


Dungeon Overview and Level Annotations

Branches:
Dungeon (15/15)            Temple (1/1) D:6            Lair (2/5) D:11
  Snake (3/4) Lair:2          Orc (2/2) D:9          Vaults (0/5) D:13
 Depths (1/4) D:15        Gauntlet (visited)
  Swamp: Lair:2-3    Shoals: Lair:2-3       Elf: Orc:2

Altars:
Ashenzari
Cheibriados
Dithmenos
Elyvilon
Fedhas
Gozag
Hepliaklqana
Kikubaaqudgha
Makhleb
Nemelex Xobeh
Okawaru
Qazlal
Ru
Sif Muna
Trog
Uskayaw
Vehumet
Wu Jian
Xom
Yredelemnul
Zin
The Shining One

Shops:
D:6 [   D:8 :   Snake:2 =

Annotations:
D:8 1 runed translucent door
D:11 2 transporters, pokeman's ghost, journeyman DEHW
D:13 3 runed translucent doors
Snake:2 Roxanne
Snake:3 Mlioglotl
Orc:2 Saint Roka


Innate Abilities, Weirdness & Mutations

Your life essence is reduced to manifest your ancestor. (-10% HP)
You have a beak for a mouth.
You have claws for feet.
Your magical flight helps you evade attacks. (EV +4)
You can magically evade attacks while moving or waiting.
You are partially covered in iridescent scales. (AC +2)
You sometimes lose the ability to drink potions when taking damage.


Message History

There is a staircase back to the Dungeon, spattered with blood here.
You bludgeon the spectral caustic shrike!!
Your kick misses the spectral caustic shrike.
Your peck misses the spectral caustic shrike.
The spectral caustic shrike is moderately damaged.
The spectral caustic shrike claws you! The spectral caustic shrike claws you.
The spectral caustic shrike claws you but does no damage. x2
An ettin comes into view.
It is wielding a +1 dire flail of pain and a +0 dire flail.
You bludgeon the spectral caustic shrike!!
You claw the spectral caustic shrike, but do no damage.
The spectral caustic shrike is heavily damaged.
The spectral caustic shrike claws you but does no damage. x2
The spectral caustic shrike claws you!
The spectral caustic shrike claws you but does no damage.
Publia hits the spectral caustic shrike with a +0 broad axe of flaming!
Publia burns the spectral caustic shrike.
The spectral caustic shrike claws you. You partially resist.
You feel drained. The spectral caustic shrike claws you. You partially resist.
You feel drained.
The spectral caustic shrike claws you but does no damage. x2
The spectral caustic shrike misses you.
The spectral caustic shrike claws you but does no damage.
You fly upwards.
Welcome back to the Dungeon!
There is a staircase to the Depths, spattered with blood here.
You start resting.
HP restored.
You fly downwards.
Welcome back to the Depths!
The spectral caustic shrike claws you!! You partially resist.
You feel drained.
The spectral caustic shrike claws you! x2
The spectral caustic shrike claws you but does no damage.
The spectral caustic shrike barely misses you.
There is a staircase back to the Dungeon, spattered with blood here.
Unknown command.
The spectral caustic shrike claws you but does no damage.
Publia hits the spectral caustic shrike with a +0 broad axe of flaming!
Publia burns the spectral caustic shrike.
Publia hits the ettin with a +0 broad axe of flaming!
Publia burns the ettin.
The spectral caustic shrike claws you!!
* * * LOW HITPOINT WARNING * * *
You partially resist.
You feel drained. The spectral caustic shrike claws you.
You die...

#####+####
.......>.#
.........#
.........#
.........#
.........#
......Z..#
≈≈....Z@.#
≈≈≈...CR.#
≈≈≈≈#+#....
≈Z≈ +.~~~~~
≈ #.~≈≈≈~..
#.~≈≈≈~..
#.~≈~≈~..
#.~~~~~..


You could see the friendly Publia the knight, an ettin and 3 spectral caustic
shrikes.

Vanquished Creatures
  Donald (Snake:1)
  A stone giant (D:15)
  A minotaur (Gauntlet)
  Josephine (D:11)
  A rakshasa (D:15)
  2 vault guards (D:13)
  3 hydras
  A catoblepas (D:14)
  An ironbound frostheart (D:13)
  5 anacondas
  2 boulder beetles
  3 centaur warriors
  3 two-headed ogres
  2 tengu warriors (D:15)
  An orc high priest (Orc:1)
  6 naga warriors
  7 naga sharpshooters
  3 shock serpents
  3 skeletal warriors (D:12)
  A salamander mystic (Snake:2)
  3 naga ritualists
  2 mana vipers (Snake:1)
  3 orc knights
  A necromancer (Gauntlet)
  A deep elf pyromancer (D:14)
  14 ugly things
  A salamander (shapeshifter) (D:13)
  A shining eye (Gauntlet)
  2 nameless horrors (Orc:2)
  6 salamanders
  3 manticores
  A guardian serpent (Snake:1)
  3 slime creatures (D:12)
  18 black mambas
  3 naga magi
  A gargoyle (D:11)
  6 cane toads
  A rime drake (D:11)
  5 komodo dragons
  An unseen horror (D:11)
  A kobold demonologist (D:13)
  An unseen horror (shapeshifter) (D:15)
  2 tengu conjurers (D:15)
  5 trolls
  A queen bee (shapeshifter) (D:14)
  2 meliai (D:15)
  2 polar bears
  12 blink frogs
  A shadow (D:10)
  2 water elementals (Depths:1)
  5 wyverns (D:9)
  6 wraiths
  2 vampires
  4 yaks (D:9)
  Eustachio (D:6)
  A basilisk (D:13)
  A golden eye (Gauntlet)
  2 humans (D:13)
  19 nagas
  4 water moccasins
  A floating eye (Gauntlet)
  9 orc warriors
  A sky beast (D:7)
  4 ice beasts
  6 black bears
  9 wolves
  4 centaurs
  5 kobold brigands
  8 bullfrogs
  2 scorpions (D:6)
  5 killer bees
  An electric eel (Lair:1)
  10 howler monkeys
  3 hounds (D:6)
  14 orc priests
  3 jellies
  2 iguanas (D:5)
  4 sleepcaps
  13 orc wizards
  Robin (D:2)
  9 adders
  A white imp (D:7)
  An ufetubus (D:4)
  A worm (D:4)
  4 dart slugs
  59 orcs
  3 endoplasms (D:1)
  3 giant cockroaches
  16 goblins
  12 hobgoblins
  13 jackals
  27 kobolds
  4 quokkas
  5 ball pythons
  7 bats
  3 frilled lizards
  4 rats
475 creatures vanquished.

Vanquished Creatures (collateral kills)
  A centaur warrior (D:13)
  An anaconda (Snake:2)
  A boulder beetle (D:12)
  A shock serpent (Snake:2)
  A salamander mystic (Snake:2)
  2 mana vipers
  A naga ritualist (Snake:2)
  3 ugly things
  A manticore (D:13)
  A cyclops (D:13)
  2 black mambas (Snake:2)
  3 salamanders
  A cane toad (Lair:1)
  A gargoyle (D:12)
  A meliai (D:15)
  3 trolls
  2 blink frogs (Lair:2)
  A slime creature (D:12)
  A basilisk (D:13)
  A vampire mosquito (D:12)
  A steam dragon (D:8)
  9 nagas
  2 orc warriors
  3 wolves
  2 centaurs (D:13)
  3 bullfrogs (Lair:1)
  A killer bee (D:10)
  A howler monkey (D:14)
  An electric eel (Lair:1)
  9 orc priests
  5 orc wizards
  18 orcs
  4 kobolds
88 creatures vanquished.

Vanquished Creatures (others)
  A human (D:3)
  3 ancestors
  14 knights
  An orc wizard (D:4)
  A butterfly (Lair:1)
20 creatures vanquished.

Grand Total: 583 creatures vanquished

Notes
Turn   | Place    | Note
-------+----------+-------------------------------------------
     0 | D:1      | Aneyh the Tengu Monk began the quest for the Orb.
     0 | D:1      | Reached XP level 1. HP: 14/14 MP: 2/2
    96 | D:1      | Reached XP level 2. HP: 19/19 MP: 3/3
  1010 | D:2      | Reached XP level 3. HP: 22/23 MP: 4/4
  1338 | D:2      | Reached XP level 4. HP: 28/28 MP: 5/5
  1632 | D:3      | Noticed Robin
  1642 | D:2      | Killed Robin
  1956 | D:3      | Found a faded altar of an unknown god.
  1990 | D:3      | Reached skill level 1 in Maces & Flails
  2002 | D:3      | Found a blossoming altar of Fedhas.
  2011 | D:3      | Reached XP level 5. HP: 33/33 MP: 6/6
  2071 | D:3      | Found an ancient bone altar of Kikubaaqudgha.
  2073 | D:3      | Noticed a human
  2076 | D:3      | Killed a human
  2273 | D:3      | Found a sacrificial altar of Ru.
  2659 | D:4      | Reached XP level 6. HP: 36/38 MP: 7/7
  2697 | D:4      | Noticed a black bear
  2714 | D:4      | Killed a black bear
  2907 | D:4      | Reached skill level 5 in Maces & Flails
  3104 | D:5      | Entered Level 5 of the Dungeon
  3139 | D:5      | Gained mutation: Your magical flight helps you evade
                  | attacks. (EV +4) [Tengu growth]
  3139 | D:5      | Reached XP level 7. HP: 16/44 MP: 8/8
  3542 | D:5      | Reached skill level 1 in Armour
  4074 | D:6      | Found Jugg's Armour Shop.
  4108 | D:6      | Identified 3 scrolls of acquirement
  4108 | D:6      | Acquired the +0 hat "Ewaeph" {rC- Slay+5}
  4115 | D:6      | Acquired the +9 great mace of Success {vamp, rPois MP+9
                  | Str-2 Int+3}
  4116 | D:6      | Acquired the amulet "Sedgham" {rN+ Regen+}
  4162 | D:6      | Found a shimmering blue altar of Sif Muna.
  4262 | D:6      | Noticed Eustachio
  4274 | D:6      | Killed Eustachio
  4275 | D:6      | Reached XP level 8. HP: 48/48 MP: 9/9
  4381 | D:6      | Identified the -1 cloak "Naxt" {rF- rC++ Regen+}
  4435 | D:6      | Reached skill level 5 in Fighting
  4539 | D:6      | Found a staircase to the Ecumenical Temple.
  4545 | Temple   | Entered the Ecumenical Temple
  5043 | D:7      | Found a hazy altar of Hepliaklqana.
  5047 | D:7      | Became a worshipper of Hepliaklqana the Forgotten
  5047 | D:7      | Reached * piety under Hepliaklqana
  5047 | D:7      | Reached ** piety under Hepliaklqana
  5053 | D:7      | Found a white marble altar of Elyvilon.
  5056 | D:7      | Found a shadowy altar of Dithmenos.
  5059 | D:7      | Found a stormy altar of Qazlal.
  5280 | D:7      | Noticed a two-headed ogre
  5286 | D:7      | Reached skill level 10 in Maces & Flails
  5286 | D:7      | Reached XP level 9. HP: 48/48 MP: 10/10
  5288 | D:7      | Killed a two-headed ogre
  5796 | D:8      | Found Jileafuh's Book Emporium.
  6248 | D:8      | Noticed a rakshasa
  6248 | D:8      | Noticed a centaur warrior
  6248 | D:8      | Noticed a manticore
  6249 | D:8      | Found a runed translucent door.
  6253 | D:8      | Noticed a wolf spider
  6253 | D:8      | Noticed a boulder beetle
  6253 | D:8      | Noticed a fire dragon
  6253 | D:8      | Noticed a cyclops
  6253 | D:8      | Noticed a tengu warrior
  6484 | D:9      | Reached XP level 10. HP: 54/54 MP: 11/11
  6605 | D:9      | Reached skill level 5 in Long Blades
  6676 | D:9      | Found a staircase to the Orcish Mines.
  7542 | D:9      | Found an ornate altar of the Wu Jian Council.
  7596 | D:10     | Entered Level 10 of the Dungeon
  7649 | D:10     | Reached *** piety under Hepliaklqana
  7816 | D:10     | Reached skill level 5 in Armour
  7825 | D:10     | Identified the +2 robe of the Other World {rElec}
  7831 | D:10     | Found a broken altar of Ashenzari.
  7956 | D:8      | Bought a book of the Tundra for 416 gold pieces
  7961 | D:8      | Learned a level 4 spell: Summon Ice Beast
  8244 | D:10     | Reached skill level 1 in Summonings
  8522 | D:11     | Found a transporter.
  8524 | D:11     | Found a transporter.
  8582 | D:11     | Noticed a gargoyle
  8590 | D:11     | Killed a gargoyle
  8591 | D:11     | Reached skill level 2 in Summonings
  8591 | D:11     | Reached XP level 11. HP: 58/63 MP: 12/12
  8600 | D:11     | Reached skill level 3 in Summonings
  8629 | D:11     | Found a white marble altar of Elyvilon.
  8668 | D:11     | Noticed a purple ugly thing
  8675 | D:11     | Killed a purple ugly thing
  8699 | D:11     | Reached skill level 10 in Fighting
  8699 | D:11     | Reached skill level 4 in Summonings
  8702 | D:11     | Found a staircase to the Lair.
  8737 | D:11     | Noticed a two-headed ogre
  8744 | D:11     | Killed a two-headed ogre
  8745 | D:11     | Reached **** piety under Hepliaklqana
  8760 | D:11     | Noticed a boulder beetle
  8813 | D:11     | Reached skill level 5 in Summonings
  8813 | D:11     | Noticed Josephine
  8836 | D:11     | Killed a boulder beetle
  8843 | D:11     | Killed Josephine
  8846 | D:11     | Reached skill level 6 in Summonings
  8849 | D:11     | Found a gate leading to a gauntlet.
  8858 | Gauntlet | Entered a Gauntlet
  8858 | Gauntlet | Noticed a shining eye
  8858 | Gauntlet | Found a transporter.
  8858 | Gauntlet | Found a transporter.
  8860 | Gauntlet | Found a transporter.
  8864 | Gauntlet | Found a transporter.
  8870 | Gauntlet | Remembered your ancestor Publia as a knight
  8880 | Gauntlet | Found a transporter.
  8886 | Gauntlet | Noticed a necromancer
  8888 | Gauntlet | Found a runed translucent door.
  8888 | Gauntlet | Found a runed translucent door.
  8894 | Gauntlet | Found a transporter.
  8898 | Gauntlet | Found a transporter.
  8905 | Gauntlet | Noticed a four-headed hydra
  8906 | Gauntlet | Found a transporter.
  8922 | Gauntlet | Found a transporter.
  8937 | Gauntlet | Found a transporter.
  8949 | Gauntlet | Found a transporter.
  8986 | Gauntlet | Gained mutation: Your flesh is cold resistant. (rC+)
                  | [potion of mutation]
  8986 | Gauntlet | Gained mutation: Your flesh is very cold resistant. (rC++)
                  | [potion of mutation]
  8987 | Gauntlet | Lost mutation: Your flesh is very cold resistant. (rC++)
                  | [potion of mutation]
  8987 | Gauntlet | Lost mutation: Your flesh is cold resistant. (rC+) [potion
                  | of mutation]
  8987 | Gauntlet | Gained mutation: You expend magic power (3 MP) to
                  | strengthen your wands. [potion of mutation]
  8987 | Gauntlet | Gained mutation: You are robust. (+10% HP) [potion of
                  | mutation]
  8987 | Gauntlet | Lost mutation: You expend magic power (3 MP) to strengthen
                  | your wands. [potion of mutation]
  8987 | Gauntlet | Gained mutation: You possess an exceptional clarity of
                  | mind. [potion of mutation]
  9125 | Gauntlet | Gained mutation: Your body sometimes deteriorates upon
                  | taking damage. [a shining eye]
  9128 | Gauntlet | Killed a shining eye
  9158 | Gauntlet | Found a transporter.
  9182 | Gauntlet | Killed a necromancer
  9216 | Gauntlet | Identified the +1 cloak of the Little Devil {rC+ rCorr}
  9383 | Gauntlet | Identified the +4 scimitar "Rior" {heavy, rPois Will+}
  9383 | Gauntlet | Noticed a minotaur
  9402 | Gauntlet | Killed a minotaur
  9403 | Gauntlet | Reached skill level 7 in Summonings
  9480 | D:11     | Noticed pokeman's ghost (journeyman DEHW)
  9819 | D:12     | Reached XP level 12. HP: 77/81 MP: 13/13
 10021 | D:12     | Reached skill level 8 in Summonings
 10415 | D:12     | Reached ***** piety under Hepliaklqana
 10783 | D:12     | Noticed a boulder beetle
 10806 | D:12     | Killed a boulder beetle
 10807 | D:12     | Reached skill level 9 in Summonings
 11784 | D:13     | Identified the ring "Keetonk" {Ice rPois Will++}
 11858 | D:13     | Noticed a centaur warrior
 12069 | D:13     | Killed a centaur warrior
 12445 | D:13     | Found a runed translucent gate.
 12445 | D:13     | Found a runed translucent gate.
 12445 | D:13     | Found a runed translucent gate.
 12551 | D:13     | Noticed a five-headed hydra
 12556 | D:13     | Killed a five-headed hydra
 12557 | D:13     | Reached skill level 10 in Summonings
 12563 | D:13     | Noticed a centaur warrior
 12569 | D:13     | Killed a centaur warrior
 12666 | D:13     | Noticed a vault guard
 12668 | D:13     | Noticed a vault guard
 12675 | D:13     | Noticed an ironbound frostheart
 12676 | D:13     | Killed a vault guard
 12683 | D:13     | Killed a vault guard
 12684 | D:13     | Reached skill level 10 in Armour
 12689 | D:13     | Killed an ironbound frostheart
 12690 | D:13     | Reached XP level 13. HP: 77/86 MP: 14/14
 13118 | D:13     | Found a gate to the Vaults.
 13225 | D:14     | Reached skill level 11 in Summonings
 13699 | D:14     | You are sucked into a shaft and drop 1 floor!
 13699 | D:15     | Entered Level 15 of the Dungeon
 13732 | D:15     | Acquired the ring of the Scarab {Will+ Str+4}
 13841 | D:15     | Reached skill level 12 in Summonings
 14021 | D:15     | Noticed a rakshasa
 14028 | D:15     | Killed a rakshasa
 14119 | D:15     | Noticed a stone giant
 14120 | D:15     | Found a staircase to the Depths.
 14128 | D:15     | Killed a stone giant
 14129 | D:15     | Reached skill level 13 in Summonings
 14248 | D:15     | Reached skill level 14 in Summonings
 14248 | D:15     | Reached XP level 14. HP: 92/92 MP: 15/15
 14546 | Lair:1   | Entered Level 1 of the Lair of Beasts
 14726 | Lair:1   | Reached skill level 15 in Summonings
 14875 | Lair:1   | Found a glowing silver altar of Zin.
 15091 | Lair:1   | Reached ****** piety under Hepliaklqana
 16052 | Lair:2   | Found a staircase to the Snake Pit.
 16058 | Lair:2   | Reached skill level 16 in Summonings
 16631 | Snake:1  | Entered Level 1 of the Snake Pit
 16864 | Snake:1  | Noticed Donald
 16879 | Snake:1  | Killed Donald
 16880 | Snake:1  | Reached skill level 17 in Summonings
 17837 | Snake:1  | Reached skill level 18 in Summonings
 18282 | Snake:2  | Noticed Roxanne
 18376 | Snake:1  | Reached XP level 15. HP: 69/96 MP: 16/16
 18659 | Snake:2  | Reached skill level 19 in Summonings
 18895 | Snake:2  | Found Ykia's Jewellery Shoppe.
 19341 | Snake:2  | Reached skill level 20 in Summonings
 20298 | Snake:3  | Noticed Mlioglotl
 20358 | Snake:2  | Reached skill level 21 in Summonings
 20662 | Orc:1    | Entered Level 1 of the Orcish Mines
 20781 | Orc:1    | Found a runed translucent door.
 21046 | Orc:2    | Entered Level 2 of the Orcish Mines
 21159 | Orc:2    | Noticed Saint Roka
 21638 | Orc:1    | Gained mutation: Your spells are a little harder to cast,
                  | but a little more powerful. [a neqoxec]
 21847 | Depths:1 | Entered Level 1 of the Depths
 21974 | D:15     | Lost mutation: Your spells are a little harder to cast, but
                  | a little more powerful. [potion of mutation]
 21974 | D:15     | Lost mutation: You possess an exceptional clarity of mind.
                  | [potion of mutation]
 21974 | D:15     | Lost mutation: You are robust. (+10% HP) [potion of
                  | mutation]
 21974 | D:15     | Gained mutation: You possess an exceptional clarity of
                  | mind. [potion of mutation]
 21974 | D:15     | Lost mutation: Your body sometimes deteriorates upon taking
                  | damage. [potion of mutation]
 21974 | D:15     | Gained mutation: Your natural rate of healing is unusually
                  | fast. [potion of mutation]
 21975 | D:15     | Lost mutation: You possess an exceptional clarity of mind.
                  | [potion of mutation]
 21975 | D:15     | Lost mutation: Your natural rate of healing is unusually
                  | fast. [potion of mutation]
 21975 | D:15     | Gained mutation: You are partially covered in iridescent
                  | scales. (AC +2) [potion of mutation]
 21975 | D:15     | Gained mutation: You are agile. (Dex +4, Str/Int -1)
                  | [potion of mutation]
 21976 | D:15     | Lost mutation: You are partially covered in iridescent
                  | scales. (AC +2) [potion of mutation]
 21976 | D:15     | Lost mutation: You are agile. (Dex +4, Str/Int -1) [potion
                  | of mutation]
 21976 | D:15     | Gained mutation: You occasionally shout uncontrollably at
                  | your foes. [potion of mutation]
 21976 | D:15     | Gained mutation: Your flesh is heat resistant. (rF+)
                  | [potion of mutation]
 21977 | D:15     | Lost mutation: Your flesh is heat resistant. (rF+) [potion
                  | of mutation]
 21977 | D:15     | Lost mutation: You occasionally shout uncontrollably at
                  | your foes. [potion of mutation]
 21977 | D:15     | Gained mutation: You occasionally lose the ability to drink
                  | potions when taking damage. [potion of mutation]
 21977 | D:15     | Gained mutation: You sometimes lose the ability to drink
                  | potions when taking damage. [potion of mutation]
 21977 | D:15     | Gained mutation: You are partially covered in iridescent
                  | scales. (AC +2) [potion of mutation]
 22414 | Depths:1 | Slain by a spectral caustic shrike

Illustrated notes

Levels and vault maps discovered:
D:1:      lightli_arrival_quake, layout_basic
D:2:      layout_basic, grunt_decor_mini_mirrors, chequers_big_river, hex_tiny
D:3:      layout_basic, tgw_kikubaaqudgha, amcnicky_altar_gilded,
          nicolae_ru_the_path_less_chosen, dreamdust_ecumenical_altar_statues,
          kennysheep_generic_room_5, uniq_robin
D:4:      layout_loops_ring
D:5:      layout_cave_pools
D:6:      layout_loops_ring, lemuel_round_altar,
          minmay_temple_entry_enclosed_plants, serial_shops, shop,
          uniq_eustachio
D:7:      layout_cave_pods, grunt_temple_overflow_cloverleaf
D:8:      minmay_gate_of_8, layout_loops_corners, nicolae_stop_n_shop_2
D:9:      layout_roguey, nicolae_wu_jian_immortal_techniques,
          minmay_orc_entry_temple_small
D:10:     layout_loops_cross, old_standard_altar, minivault_16
D:11:     layout_long_grid, hellmonk_lair_entry_icy, gauntlet_entry_generic,
          gammafunk_ghost_hive, elyvilon_altar_4, uniq_josephine
D:12:     layout_stronghold, nicolae_fountain_basement
D:13:     layout_small_grid, hellmonk_vaults_keyhole,
          ploomutoo_gammafunk_ghost_potion_laboratory
D:14:     layout_stronghold, minmay_misc_feat_diagonals,
          kennysheep_generic_room_4
D:15:     grunt_enter_depths_snipers, layout_basic
Temple:   hellmonk_temple_two_chambers
Lair:1:   layout_chaotic_city, basic_altar, st_stairs_4,
          chequers_serial_rivers_small_3, grunt_megastairs_2,
          lemuel_fruit_fields, infiniplex_staircase_pool
Lair:2:   layout_cave_pods, guppyfry_snake_entry_island
Snake:1:  layout_layer_cave, uniq_donald
Snake:2:  layout_layer_cave, serial_shops, nicolae_shop_statue_plus,
          nicolae_snake_gridmaze_entwining, uniq_roxanne
Snake:3:  layout_rooms, uniq_aizul, uniq_jorgrun, uniq_mlioglotl
Orc:1:    layout_diamond_mine, lightli_church_of_beogh, uniq_maurice
Orc:2:    st_orc_pillars, layout_caves, basic_altar, uniq_saint_roka
Depths:1: layout_gridlike, pf_hell_entry_tar_river,
          minmay_misc_feat_more_columns, hangedman_decor_riveting,
          dreamdust_wishing_well, serial_nicolae_subway,
          nicolae_sub_station_stone, nicolae_sub_station_metal,
          nicolae_sub_station_crystal

Skill      XL: |  1  2  3  4  5  6  7  8  9 10 11 12 13 14 15 |
---------------+----------------------------------------------+-----
Long Blades    | 4 5 |  5.0
Dodging        | 4 |  4.0
Maces & Flails | 1 3 5 7 10 12 13 | 13.0
Fighting       | 4 5 6 9 12 | 12.1
Armour         | 1 2 3 5 10 13 | 13.0
Summonings     | 2 7 10 14 18 21 | 21.4

Action                     |  1- 3 |  4- 6 |  7- 9 | 10-12 | 13-15 || total
---------------------------+-------+-------+-------+-------+-------++-------
  Melee: Falchion          |    60 |    22 |       |       |       ||    82
         Kick              |    14 |    51 |    58 |   151 |   249 ||   523
         Peck              |    10 |    19 |    36 |    95 |   141 ||   301
         Mace              |       |   142 |   164 |   252 |       ||   558
         Punch             |       |     1 |     2 |       |       ||     3
         Scimitar          |       |       |     9 |    25 |       ||    34
         Great mace        |       |       |       |    98 |   647 ||   745
   Fire: Arbalest          |       |       |       |     2 |       ||     2
   Cast: Summon Ice Beast  |       |       |       |       |     4 ||     4
 Invoke: Recall Ancestor   |       |       |       |     2 |     8 ||    10
         Ancestor Life: Kn |       |       |       |     1 |       ||     1
  Evoke: Wand              |       |       |       |     1 |       ||     1
    Use: Potion            |       |     2 |     1 |     9 |    10 ||    22
         Scroll            |       |       |     3 |    20 |    12 ||    35
   Stab: Sleeping          |     1 |       |       |       |       ||     1
         Distracted        |       |       |       |     1 |     2 ||     3
         Invisible         |       |       |       |     3 |       ||     3
 Armour: Robe              |     5 |       |       |       |       ||     5
         Leather armour    |    16 |    49 |       |       |       ||    65
         Plate armour      |       |   115 |   131 |   321 |   842 ||  1409
  Dodge: Dodged            |    49 |    84 |    78 |   270 |   546 ||  1027
  Block: Other             |       |       |       |     9 |       ||     9
         Reflection        |       |       |       |     9 |       ||     9

Table legend: (Time is in decaauts)
 A = Elapsed time spent in this place.
 B = Non-inter-level travel time spent in this place.
 C = Inter-level travel time spent in this place.
 D = Time resting spent in this place.
 E = Time spent auto-exploring this place.
 F = Levels seen in this place.
 G = Mean time per level.
                   A        B        C        D        E       F      G
               +--------+--------+--------+--------+--------+-----+--------+
         Total |  22513 |  21165 |   1348 |   5384 |  11230 |  25 |  900.5 |
       Dungeon |  14831 |  13815 |   1016 |   3040 |   8053 |  15 |  988.7 |
        Temple |      1 |      1 |      0 |      0 |      0 |   1 |    1.0 |
          Lair |   2304 |   2210 |     94 |    507 |   1438 |   2 | 1152.0 |
     Snake Pit |   3775 |   3566 |    209 |   1159 |   1402 |   3 | 1258.3 |
  Orcish Mines |    996 |    969 |     27 |    515 |    251 |   2 |  498.0 |
        Depths |     22 |     22 |      0 |      0 |      0 |   1 |   22.0 |
      Gauntlet |    580 |    580 |      0 |    163 |     86 |   1 |  580.0 |
               +--------+--------+--------+--------+--------+-----+--------+

Top non-repeatable levels by time:
    D:12: 2325 daAuts
 Snake:1: 1774 daAuts
 Snake:2: 1748 daAuts
  Lair:2: 1439 daAuts
     D:8: 1332 daAuts
    D:15: 1317 daAuts
    D:13: 1159 daAuts
     D:9: 1050 daAuts
     D:1: 956 daAuts
     D:2: 885 daAuts
  Lair:1: 865 daAuts
   Orc:1: 852 daAuts
     D:7: 826 daAuts
     D:4: 826 daAuts
    D:11: 824 daAuts
